 Dungeon Crawl Stone Soup version 0.21.0-24-g2553a33 (webtiles) character file.

131 Stormphoenix the Insei (level 5, 0/36 HPs)
             Began as an Octopode Monk on Jan 20, 2018.
             Slain by a bat (1 damage)
             ... on level 3 of the Dungeon.
             The game lasted 00:03:55 (2410 turns).

Stormphoenix the Insei (Octopode Monk)              Turns: 2410, Time: 00:03:55

Health: 0/36       AC:  1    Str: 12    XL:     5   Next: 14%
Magic:  5/5        EV: 14    Int: 12    God:
Gold:   100        SH:  0    Dex: 14    Spells: 4/4 levels left

rFire    . . .     SeeInvis .     - Unarmed
rCold    . . .     Gourm    .   (no shield)
rNeg     . . .     Faith    .   (helmet restricted)
rPois    .         Spirit   .   (no amulet)
rElec    .         Reflect  .   (no ring)
rCorr    .         Harm     .   (no ring)
MR       .....                  (no ring)
Stlth    +++.......             (no ring)
HPRegen  0.12/turn              (no ring)
MPRegen  0.09/turn              (no ring)
                                (no ring)
                                (no ring)

@: no status effects
A: almost no armour, stealthy swim, amphibious, 8 rings, constrict 8, camouflage
1, gelatinous body 1
a: no special abilities


You were on level 3 of the Dungeon.
You were not hungry.

You visited 1 branch of the dungeon, and saw 3 of its levels.

You collected 100 gold pieces.

Inventory:

Jewellery
 d - a cursed ring of teleportation {unknown}
Scrolls
 b - a scroll of enchant weapon
 f - a scroll of remove curse
 h - 2 scrolls of identify
Potions
 e - 3 potions of curing
Comestibles
 a - 5 rations


   Skills:
 - Level 3.0 Fighting
 - Level 3.0 Dodging
 - Level 2.6 Stealth
 + Level 5.7 Unarmed Combat


You had 4 spell levels left.
You didn't know any spells.

Dungeon Overview and Level Annotations

Branches:
Dungeon (3/15)

Altars:
Ashenzari

Annotations:
D:3 Sigmund


Innate Abilities, Weirdness & Mutations

You cannot wear most types of armour.
You are very stealthy in the water. (Stealth+)
You are amphibious.
You can wear up to eight rings at the same time.
You can use your tentacles to constrict eight enemies at once.
Your skin changes colour to match your surroundings (Stealth+).
Your rubbery body absorbs attacks. (AC +1, EV +1)


Message History

You are too injured to fight recklessly!
You are too injured to fight recklessly!
The bat closely misses you. The bat hits you. The jackal bites you.
The bat misses you. The jackal closely misses you.
The jackal barely misses you.
You bludgeon the jackal!
You kill the jackal!
The bat hits you.
* * * LOW HITPOINT WARNING * * *
Something hits you.
* * * LOW HITPOINT WARNING * * *
The bat hits you but does no damage. x2; Something hits you!
* * * LOW HITPOINT WARNING * * *
You see here a jackal corpse.
You tentacle-slap something. The bat hits you but does no damage.
You closely miss something. The bat closely misses you.
Something barely misses you.
You barely miss something.
Your tentacle-slap misses something.
The bat hits you.
You die...

..### ....#######
..#.......############## ##
.########.....)........#...
.#### ####...............
..... >...................
#### ##########..........
..## #{..........
#..####### ###@#.).......
##........ #..b......#...
..#######. #..#†>.........
#........ .................
#######..?..##....[........
# ##... ##. #..............
##...# # ....#...........
...#### ..##.#.........
....... ## #.#.........


You could see a bat.

Vanquished Creatures
  Jessica (D:2)
  2 adders
  A gnoll (D:1)
  A worm (D:3)
  2 dart slugs
  3 leopard geckos
  An orc (D:3)
  3 giant cockroaches
  3 goblins
  11 hobgoblins
  4 jackals (D:3)
  2 quokkas (D:2)
  A ball python (D:2)
  7 bats
  3 frilled lizards
  11 kobolds
  11 rats
67 creatures vanquished.

Notes
Turn   | Place    | Note
-------+----------+-------------------------------------------
     0 | D:1      | Stormphoenix the Octopode Monk began the quest for the Orb.
     0 | D:1      | Reached XP level 1. HP: 16/16 MP: 1/1
   123 | D:1      | Reached XP level 2. HP: 11/21 MP: 2/2
   593 | D:1      | Reached skill level 4 in Unarmed Combat
   817 | D:1      | Reached XP level 3. HP: 26/26 MP: 3/3
  1582 | D:2      | Found a shattered altar of Ashenzari.
  1638 | D:2      | Reached XP level 4. HP: 31/31 MP: 4/4
  1749 | D:2      | Noticed Jessica
  1755 | D:2      | Killed Jessica
  1755 | D:2      | Reached skill level 5 in Unarmed Combat
  2347 | D:3      | Found a faded altar of an unknown god.
  2353 | D:3      | Reached XP level 5. HP: 33/36 MP: 5/5
  2381 | D:3      | Noticed Sigmund
  2407 | D:3      | HP: 1/36 [something (8)]
  2410 | D:3      | Slain by a bat

Skill      XL: |  1  2  3  4 |
---------------+-------------+-----
Unarmed Combat | 4 5 |  5.7
Fighting       | |  3.0
Dodging        | |  3.0
Stealth        | |  2.6

Action                   |  1- 3 |  4- 6 || total
-------------------------+-------+-------++-------
Melee: Unarmed           |    72 |    62 ||   134
       Constrict         |    20 |    17 ||    37
       Tentacles         |    17 |    10 ||    27
       Punch             |     1 |     4 ||     5
  Use: Scroll            |     4 |     2 ||     6
       Potion            |       |     4 ||     4
 Stab: Sleeping          |    10 |     8 ||    18
  Eat: Chunk             |     2 |       ||     2
       Ration            |       |     1 ||     1
Armor: Skin              |     4 |     9 ||    13
Dodge: Dodged            |    40 |    72 ||   112
